 Dungeon Crawl Stone Soup version 0.28.0-53-g5a82cb258f (webtiles) character file.

Game seed: 13878726550616367730

5 Spinowolf the Skirmisher (level 1, -1/19 HPs)
             Began as a Palentonga Abyssal Knight on Oct 25, 2022.
             Was a Follower of Lugonu.
             Slain by a hobgoblin (4 damage)
             ... on level 1 of the Dungeon.
             The game lasted 00:04:40 (120 turns).

Spinowolf the Skirmisher (Palentonga Abyssal Knight) Turns: 120, Time: 00:04:42

Health: -1/19      AC:  4    Str: 16    XL:     1   Next: 66%
Magic:  2/2        EV:  9    Int: 10    God:    Lugonu [*.....]
Gold:   0          SH:  0    Dex: 10    Spells: 0/0 levels left

rFire   . . .      SeeInvis +     - Unarmed
rCold   . . .      Faith    .   (no shield)
rNeg    . . .      Spirit   .   a - +0 leather armour
rPois   .          Reflect  .   (no helmet)
rElec   .          Harm     .   (no cloak)
rCorr   .          Rampage  .   (no gloves)
Will    .....                   (no barding)
Stlth   +.........              (no amulet)
HPRegen 0.06/turn               (no ring)
MPRegen 0.08/turn               (no ring)

@: no status effects
A: large, rugged brown scales 3, see invisible, deformed body, roll 1, armoured
tail
a: Rolling Charge, Renounce Religion, Depart the Abyss


You were on level 1 of the Dungeon.
You worshipped Lugonu.
Lugonu was aware of your devotion.
You visited 1 branch of the dungeon, and saw 1 of its levels.
You visited the Abyss 1 time.

Inventory:

Armour
 a - a +0 leather armour (worn)


   Skills:
 + Level 3.2 Fighting
 + Level 1.7 Armour
 + Level 0.7 Dodging
 + Level 2.0 Unarmed Combat
 + Level 2.0 Invocations


You couldn't memorise any spells.
You didn't know any spells.
Your spell library was empty.

Dungeon Overview and Level Annotations

Branches:
Dungeon (1/15)

Altars:

Shops:
D:1 [


Innate Abilities, Weirdness & Mutations

You are completely covered in rugged brown scales. (AC +3, +7% HP)
You have supernaturally acute eyesight. (SInv)
Armour fits poorly on your strangely shaped body.
You can roll at nearby foes to attack.
You have a long armoured tail.


Message History

The jackal closely misses you. The bat hits you but does no damage.
You barely miss the jackal. The bat hits you but does no damage.
The goblin closely misses you. The bat hits you.
The bat hits you but does no damage.
You barely miss the jackal.
Your tail-slap misses the jackal.
The bat hits you. The bat hits you but does no damage.
The bat closely misses you. The jackal bites you. The jackal barely misses you.
The goblin hits you but does no damage. The rat bites you but does no damage.
You hit the jackal.
The jackal is lightly wounded.
The bat misses you. The bat closely misses you. The jackal closely misses you.
The jackal bites you but does no damage.
The bat hits you but does no damage. The goblin barely misses you.
The rat bites you.
The jackal bites you but does no damage.
The jackal barely misses you.
Unknown command.
You hit the rat.
Your tail-slap misses the rat.
The rat is moderately wounded.
The bat hits you but does no damage. The bat barely misses you.
The bat hits you but does no damage. x2; The jackal barely misses you.
The goblin hits you with a +0 club.
* * * LOW HITPOINT WARNING * * *
The jackal bites you but does no damage.
The rat bites you but does no damage.
You hit the rat.
You kill the rat!
Lugonu accepts your kill. The bat hits you but does no damage.
The jackal bites you.
* * * LOW HITPOINT WARNING * * *
The jackal bites you but does no damage.
The goblin hits you but does no damage. The hobgoblin barely misses you.
You hit the ball python.
You kill the ball python!
Lugonu accepts your kill. The bat closely misses you.
The jackal closely misses you. x2
The goblin hits you but does no damage. The jackal bites you.
* * * LOW HITPOINT WARNING * * *
The hobgoblin hits you.
You die...

#### #.... # ####..... #
#.....!.. ##############
#......>. ..>..........#
#B.......
############..##hg......
# #...@hb..... #
#..b.g......
#....)........
#....8.8.8......
...#.#.⌠.⌠.......
.....#8.∩.8...... ####
..⌠.⌠.......
..8.8.8....^.
#.......##...


You could see 2 jackals, a giant cockroach, a hobgoblin, a goblin and 2 bats.

Vanquished Creatures
  An endoplasm (D:1)
  A giant cockroach (D:1)
  A goblin (D:1)
  A ball python (D:1)
  A frilled lizard (D:1)
  A rat (D:1)
6 creatures vanquished.

Notes
Turn   | Place    | Note
-------+----------+-------------------------------------------
     0 | Abyss:1  | Spinowolf the Palentonga Abyssal Knight began the quest for
                  | the Orb.
     0 | Abyss:1  | Reached XP level 1. HP: 19/19 MP: 2/2
    46 | Abyss:1  | Found a corrupted altar of Lugonu.
    59 | D:1      | Escaped the Abyss
   105 | D:1      | Found Rezxyxtar's Antique Armour Boutique.
   120 | D:1      | Slain by a hobgoblin

Illustrated notes

Levels and vault maps discovered:
D:1:      dpeg_arrival_fog, layout_rooms, serial_shops,
          nicolae_shop_temple_entry_statues_fountains, serial_bayou_pond_b

Action                   || total
-------------------------++-------
Melee: Unarmed           ||    16
       Tailslap          ||     1
 Abil: Rolling Charge    ||     2
Armor: Leather armour    ||    28
Dodge: Dodged            ||    25
